[Event "ICC tourney 2246 (120 10)"]
[Site "Internet Chess Club"]
[Date "2020.12.28"]
[Round "5"]
[White "Zohranvalliani"]
[Black "AarushV5"]
[Result "1-0"]
[ICCResult "Black checkmated"]
[WhiteElo "973"]
[BlackElo "672"]
[Opening "QGD: Marshall defense"]
[ECO "D06"]
[NIC "QP.08"]
[Time "12:01:36"]
[PlyCount "55"]
[TimeControl "7200+10"]

1. d4 d5 2. c4 Nf6 3. cxd5 Nxd5 4. e4 Nb6 5. Nc3 e6 6. Nf3 Nc6 7. Bf4 a6 8.
Bd3 Bd6 9. Bxd6 cxd6 10. O-O h6 11. Nd2 O-O 12. d5 exd5 13. Nxd5 Re8 14.
Nxb6 Qd7 15. Nxd7 Bxd7 16. Nc4 Ne5 17. f4 Nxc4 18. Bxc4 Rxe4 19. Qd5 Re7
20. Qxd6 Rae8 21. Kf2 Bc6 22. Rfe1 Kf8 23. Rxe7 Rxe7 24. Re1 Kg8 25. Qxe7
g6 26. Qxf7+ Kh8 27. Rd1 Be8 28. Qg8# { Black checkmated } 1-0

[Event "ICC tourney 2246 (120 10)"]
[Site "Internet Chess Club"]
[Date "2020.12.28"]
[Round "5"]
[White "acgc"]
[Black "Agabus"]
[Result "1-0"]
[ICCResult "Black checkmated"]
[WhiteElo "946"]
[BlackElo "1145"]
[Opening "Scandinavian defense"]
[ECO "B01"]
[NIC "SD.03"]
[Time "12:02:28"]
[PlyCount "91"]
[TimeControl "7200+10"]

1. e4 d5 2. exd5 Nf6 3. Nc3 Nxd5 4. Bc4 e6 5. d3 Bb4 6. Bd2 Nxc3 7. Bxc3
Bxc3+ 8. bxc3 O-O 9. Nf3 b6 10. O-O Bb7 11. Re1 Qf6 12. d4 Bxf3 13. Qxf3
Qxf3 14. gxf3 Nd7 15. d5 exd5 16. Bxd5 Rac8 17. Rad1 Nc5 18. Rd4 c6 19. Bb3
Nxb3 20. cxb3 Rfe8 21. Rde4 Kf8 22. Kg2 f5 23. Re5 Rxe5 24. Rxe5 g6 25. Kg3
Re8 26. Kf4 Rxe5 27. Kxe5 Ke7 28. f4 h6 29. h4 h5 30. f3 a6 31. a3 c5 32.
c4 b5 33. cxb5 axb5 34. Kd5 c4 35. bxc4 bxc4 36. Kxc4 Kd6 37. Kb5 Kc7 38.
a4 Kb7 39. a5 Ka7 40. a6 Kb8 41. Kb6 Ka8 42. a7 g5 43. hxg5 h4 44. g6 h3
45. g7 h2 46. g8=Q# { Black checkmated } 1-0

[Event "ICC tourney 2246 (120 10)"]
[Site "Internet Chess Club"]
[Date "2020.12.28"]
[Round "5"]
[White "steeljc"]
[Black "Shashank8"]
[Result "0-1"]
[ICCResult "White checkmated"]
[WhiteElo "964"]
[BlackElo "1188"]
[Opening "Caro-Kann: advance variation"]
[ECO "B12"]
[NIC "CK.04"]
[Time "12:01:37"]
[PlyCount "152"]
[TimeControl "7200+10"]

1. e4 c6 2. d4 d5 3. e5 Bf5 4. Nf3 h6 5. g3 e6 6. Bg2 c5 7. c3 c4 8. O-O
Nc6 9. Be3 Nge7 10. Nbd2 Nc8 11. b3 cxb3 12. Qxb3 Nb6 13. Qd1 Be7 14. Nb3
Nd7 15. Qe2 O-O 16. Qb5 Qc7 17. Nc5 Nxc5 18. dxc5 a6 19. Qb6 Qxb6 20. cxb6
Na5 21. Nd4 Bh7 22. Nb3 Nc4 23. Bc5 Bxc5 24. Nxc5 Nxb6 25. Nxb7 Rab8 26.
Na5 Rfc8 27. Rfc1 Nc4 28. Nxc4 Rxc4 29. Bf1 Rc5 30. Bxa6 Ra8 31. Bf1 Bg6
32. c4 dxc4 33. Rxc4 Rxe5 34. f4 Rea5 35. a4 Rd8 36. Rb4 Rd2 37. Rb5 Rxb5
38. axb5 Rb2 39. Ra6 Rb1 40. Kg2 Be4+ 41. Kf2 Kf8 42. Ke3 Bd5 43. Bd3 Rb3
44. Kd4 Ke7 45. f5 Rb4+ 46. Kc5 Rb3 47. Bf1 Rc3+ 48. Kd4 Rc1 49. Ra7+ Kf6
50. Be2 Rb1 51. Kc5 Rc1+ 52. Kd6 Kxf5 53. Rxf7+ Kg6 54. Ra7 Kf6 55. b6 Rc6+
56. Kd7 Rxb6 57. Kc7 Rb2 58. Bd1 Rxh2 59. g4 Rg2 60. Kd6 Rd2 61. Ba4 Bf3+
62. Kc5 Bxg4 63. Ra6 Bf5 64. Bb3 h5 65. Ra4 g5 66. Ra8 h4 67. Rf8+ Ke5 68.
Rg8 g4 69. Rg5 h3 70. Ba4 h2 71. Bc6 Rc2+ 72. Kb6 Rxc6+ 73. Kxc6 h1=Q+ 74.
Kd7 Qb7+ 75. Kd8 Kd6 76. Rxf5 Qb8# { White checkmated } 0-1

[Event "ICC tourney 2246 (120 10)"]
[Site "Internet Chess Club"]
[Date "2020.12.28"]
[Round "5"]
[White "Chessssssser"]
[Black "DanielGuan"]
[Result "0-1"]
[ICCResult "White resigns"]
[WhiteElo "1239"]
[BlackElo "985"]
[Opening "Sicilian defense"]
[ECO "B30"]
[NIC "SI.31"]
[Time "12:01:43"]
[PlyCount "38"]
[TimeControl "7200+10"]

1. e4 c5 2. Nf3 Nc6 3. c3 d6 4. d4 cxd4 5. cxd4 Bg4 6. Be2 Nf6 7. d5 Bxf3
8. Bxf3 Ne5 9. Be2 g6 10. Nc3 a6 11. a4 Bg7 12. O-O O-O 13. f4 Ned7 14. Be3
Rc8 15. Rc1 Kh8 16. Rf3 Ng4 17. Bd4 f5 18. Bxg7+ Kxg7 19. Rh3 Qb6+ { White
resigns } 0-1

[Event "ICC tourney 2246 (120 10)"]
[Site "Internet Chess Club"]
[Date "2020.12.28"]
[Round "5"]
[White "BArkadia"]
[Black "SMILERG"]
[Result "0-1"]
[ICCResult "White resigns"]
[WhiteElo "1043"]
[BlackElo "1247"]
[Opening "Evans gambit declined"]
[ECO "C51"]
[NIC "IG.05"]
[Time "12:01:45"]
[PlyCount "50"]
[TimeControl "7200+10"]

1. e4 e5 2. Nf3 Nc6 3. Bc4 Bc5 4. b4 Bb6 5. c3 d6 6. h3 Nf6 7. d4 exd4 8.
cxd4 Nxe4 9. O-O O-O 10. b5 d5 11. Bb3 Ne7 12. Nbd2 Nc3 13. Qc2 Nxb5 14.
Qd3 c6 15. a4 Nd6 16. Nh4 Nef5 17. Ndf3 Nxh4 18. Nxh4 Qxh4 19. Ba3 Rd8 20.
Rad1 Bf5 21. Qg3 Qxg3 22. fxg3 Bg6 23. Kh2 Nf5 24. Rfe1 Nxd4 25. Ba2 Nc2 {
White resigns } 0-1

[Event "ICC tourney 2246 (120 10)"]
[Site "Internet Chess Club"]
[Date "2020.12.28"]
[Round "5"]
[White "aang07"]
[Black "falcon2020"]
[Result "0-1"]
[ICCResult "White checkmated"]
[WhiteElo "1130"]
[BlackElo "1213"]
[Opening "Queen's pawn, Mason variation"]
[ECO "D00"]
[NIC "QP.08"]
[Time "12:02:28"]
[PlyCount "54"]
[TimeControl "7200+10"]

1. d4 d5 2. Bf4 Nf6 3. e3 Bf5 4. Bd3 Ne4 5. Nd2 e6 6. Ngf3 Bd6 7. O-O O-O
8. Ne5 c5 9. c3 Nc6 10. Nxc6 bxc6 11. Bxd6 Qxd6 12. f3 Nxc3 13. bxc3 Bxd3
14. Rf2 c4 15. e4 e5 16. exd5 Qxd5 17. dxe5 Qxe5 18. Ne4 Bxe4 19. fxe4 Qxc3
20. Rc2 Qe3+ 21. Kh1 Qxe4 22. Qe2 Qd3 23. Qxd3 cxd3 24. Rxc6 d2 25. Rd1
Rfe8 26. Rd6 Re1+ 27. Rxe1 dxe1=Q# { White checkmated } 0-1

[Event "ICC tourney 2246 (120 10)"]
[Site "Internet Chess Club"]
[Date "2020.12.28"]
[Round "5"]
[White "Lucasmoon17"]
[Black "Yadhunandan"]
[Result "0-1"]
[ICCResult "White checkmated"]
[WhiteElo "643"]
[BlackElo "891"]
[Opening "Giuoco Piano: four knights variation"]
[ECO "C47"]
[NIC "VG.04"]
[Time "12:02:05"]
[PlyCount "138"]
[TimeControl "7200+10"]

1. e4 e5 2. Nc3 Nf6 3. Nf3 Nc6 4. Bc4 Bc5 5. O-O O-O 6. d3 d6 7. Nd5 Bg4 8.
Nxf6+ Qxf6 9. Bg5 Bxf3 10. Bxf6 Bxd1 11. Raxd1 gxf6 12. a3 Nd4 13. c3 Ne6
14. b4 Bb6 15. a4 a5 16. b5 c6 17. bxc6 bxc6 18. Rb1 Bc7 19. Rb7 Rab8 20.
Ra7 c5 21. Bxe6 fxe6 22. Rxc7 Rb3 23. Re1 Rxc3 24. h4 Rxd3 25. h5 Rf7 26.
Rc6 Kg7 27. g4 f5 28. exf5 exf5 29. g5 h6 30. Kg2 hxg5 31. Rh1 Kh6 32. Rc8
f4 33. Re8 Rf6 34. Rh8+ Kg7 35. Rd8 c4 36. Rd7+ Kh6 37. Kf1 Rd1+ 38. Kg2
Rxh1 39. Kxh1 c3 40. Kg2 Kxh5 41. Kh3 g4+ 42. Kh2 g3+ 43. fxg3 fxg3+ 44.
Kxg3 c2 45. Rc7 Rg6+ 46. Kf3 Rg4 47. Rh7+ Kg6 48. Rh1 Rxa4 49. Ke2 Rc4 50.
Rc1 a4 51. Kd3 Rc7 52. Kd2 a3 53. Rxc2 Rxc2+ 54. Kxc2 e4 55. Kb3 e3 56.
Kxa3 e2 57. Kb4 e1=Q+ 58. Kb5 d5 59. Kc5 Qd1 60. Kd6 d4 61. Kd5 d3 62. Kd4
d2 63. Kd3 Qc1 64. Ke4 d1=Q 65. Ke5 Qe1+ 66. Kd5 Qcd2+ 67. Kc4 Qec1+ 68.
Kb3 Qdb2+ 69. Ka4 Qca1# { White checkmated } 0-1

[Event "ICC tourney 2246 (120 10)"]
[Site "Internet Chess Club"]
[Date "2020.12.28"]
[Round "5"]
[White "mimzhang"]
[Black "mohitmukkollu"]
[Result "0-1"]
[ICCResult "White checkmated"]
[WhiteElo "984"]
[BlackElo "1225"]
[Opening "Philidor's defense"]
[ECO "C41"]
[NIC "KP.10"]
[Time "12:01:46"]
[PlyCount "110"]
[TimeControl "7200+10"]

1. e4 e5 2. Nf3 d6 3. Nc3 Nf6 4. Bb5+ c6 5. Bc4 Bg4 6. h3 Bh5 7. g4 Bg6 8.
Rg1 Nxe4 9. Nxe4 Bxe4 10. d3 Bg6 11. h4 h6 12. g5 hxg5 13. Bxg5 f6 14. Be3
Bh5 15. Qe2 d5 16. Bb3 e4 17. dxe4 dxe4 18. Qc4 Nd7 19. Qxe4+ Qe7 20. Qf4
Bxf3 21. Qxf3 Ne5 22. Qe2 O-O-O 23. Bxa7 Nf3+ 24. Kf1 Qxe2+ 25. Kxe2 Nxg1+
26. Rxg1 Rxh4 27. Be6+ Kc7 28. Be3 g5 29. a4 Bd6 30. Rd1 Re8 31. Bb3 Bf4
32. Bf7 Re7 33. Bc4 Bxe3 34. fxe3 Rxc4 35. c3 f5 36. b3 Rxc3 37. b4 Rexe3+
38. Kf1 f4 39. Ra1 f3 40. a5 g4 41. Kf2 Re2+ 42. Kg3 Rg2+ 43. Kf4 f2 44.
Ke5 Rf3 45. a6 f1=Q 46. Rxf1 Rxf1 47. a7 Ra1 48. a8=Q Rxa8 49. Kf4 Rf8+ 50.
Kg5 g3 51. Kh4 Rg1 52. Kh3 Rgf1 53. Kxg3 R1f7 54. b5 Rg7+ 55. Kh4 Rh8# {
White checkmated } 0-1

[Event "ICC tourney 2246 (120 10)"]
[Site "Internet Chess Club"]
[Date "2020.12.28"]
[Round "5"]
[White "OS99"]
[Black "joefiler"]
[Result "1-0"]
[ICCResult "Black checkmated"]
[WhiteElo "891"]
[BlackElo "654"]
[Opening "Ruy Lopez: Berlin defense, Beverwijk variation"]
[ECO "C65"]
[NIC "RL.07"]
[Time "12:01:51"]
[PlyCount "107"]
[TimeControl "7200+10"]

1. e4 e5 2. Nf3 Nc6 3. Bb5 Nf6 4. O-O Bc5 5. Nxe5 Nxe5 6. d4 a6 7. Ba4 b5
8. Bb3 Bb6 9. dxe5 Nxe4 10. Bxf7+ Kxf7 11. Qd5+ Ke8 12. Qxe4 Rb8 13. Nc3
Bb7 14. Qe1 Rf8 15. Be3 c5 16. Rd1 Kf7 17. Qe2 Kg8 18. Qg4 Qe7 19. Rxd7
Qxe5 20. Re1 Bc7 21. Qg3 Rbc8 22. Qxe5 Bxe5 23. Rxb7 Rfe8 24. Rd7 c4 25.
Nd5 Kh8 26. Ne7 Rc7 27. Rxc7 Bxc7 28. Nd5 Ba5 29. c3 h6 30. Rd1 Bd8 31. Bb6
Bg5 32. f4 Bd8 33. Bxd8 Rxd8 34. Kf2 Kh7 35. Nf6+ Kg6 36. Rxd8 Kxf6 37. Ra8
Kf5 38. Rxa6 Kxf4 39. Rb6 g5 40. Rxb5 g4 41. g3+ Ke4 42. Ke2 h5 43. Rb4 Kd5
44. Ke3 h4 45. gxh4 Kc5 46. h5 g3 47. hxg3 Kd6 48. h6 Ke7 49. h7 Kf7 50.
h8=Q Ke6 51. Qh7 Kd5 52. Rb6 Kc5 53. Qc7+ Kd5 54. Qd6# { Black checkmated }
1-0

[Event "ICC tourney 2246 (120 10)"]
[Site "Internet Chess Club"]
[Date "2020.12.28"]
[Round "5"]
[White "kushagra12"]
[Black "SreeVSundaram"]
[Result "1-0"]
[ICCResult "Black checkmated"]
[WhiteElo "1108"]
[BlackElo "914"]
[Opening "Sicilian defense"]
[ECO "B40"]
[NIC "SI.43"]
[Time "12:01:57"]
[PlyCount "39"]
[TimeControl "7200+10"]

1. e4 c5 2. Nf3 e6 3. c3 Nc6 4. d4 d5 5. exd5 exd5 6. Bb5 Nf6 7. O-O Be7 8.
dxc5 Bxc5 9. Re1+ Ne4 10. Nd4 Bd7 11. f3 Nxd4 12. Bxd7+ Kxd7 13. cxd4 Bb4
14. Qa4+ Kc7 15. Qxb4 Nd6 16. Bf4 b6 17. Bxd6+ Qxd6 18. Re7+ Kc6 19. Qa4+
b5 20. Qa6# { Black checkmated } 1-0

[Event "ICC tourney 2246 (120 10)"]
[Site "Internet Chess Club"]
[Date "2020.12.28"]
[Round "5"]
[White "Phoenix25"]
[Black "Poorvi123"]
[Result "1-0"]
[ICCResult "Black checkmated"]
[WhiteElo "171"]
[BlackElo "752"]
[Opening "Giuoco Pianissimo: Italian four knights variation"]
[ECO "C55"]
[NIC "IG.01"]
[Time "12:01:35"]
[PlyCount "85"]
[TimeControl "7200+10"]

1. e4 e5 2. Nf3 Nc6 3. Bc4 Nf6 4. Nc3 Bc5 5. d3 O-O 6. O-O d6 7. Bg5 h6 8.
Bh4 g5 9. Bg3 Ng4 10. Nd5 Be6 11. Bb3 Nd4 12. Nxd4 exd4 13. c3 c6 14. c4
cxd5 15. cxd5 Bd7 16. h3 Ne5 17. Re1 Bb4 18. Rf1 g4 19. h4 h5 20. Qc1 Nxd3
21. Qh6 f5 22. e5 Nxe5 23. Bc2 Rf6 24. Qg5+ Rg6 25. Qc1 Nc4 26. a3 Bd2 27.
Qb1 Bb5 28. Rd1 Ba5 29. b3 Bc3 30. Ra2 Nd2 31. Rxd2 Bxd2 32. Bxf5 Rg7 33.
Be6+ Kf8 34. Qf5+ Ke8 35. Rxd2 Bd7 36. Qxh5+ Ke7 37. Re2 Bxe6 38. Rxe6+ Kf8
39. Bxd6+ Kg8 40. Rg6 Rxg6 41. Qxg6+ Kh8 42. Be5+ Qf6 43. Bxf6# { Black
checkmated } 1-0

[Event "ICC tourney 2246 (120 10)"]
[Site "Internet Chess Club"]
[Date "2020.12.28"]
[Round "5"]
[White "jhong3"]
[Black "ethanz1606"]
[Result "1-0"]
[ICCResult "Black checkmated"]
[WhiteElo "934"]
[BlackElo "1164"]
[Opening "Four knights: Italian variation"]
[ECO "C47"]
[NIC "KP.06"]
[Time "12:01:43"]
[PlyCount "53"]
[TimeControl "7200+10"]

1. e4 e5 2. Nf3 Nc6 3. Nc3 Nf6 4. Bc4 Nxe4 5. Nxe4 d5 6. Bxd5 Qxd5 7. d3
Bg4 8. O-O Nd4 9. c4 Qc6 10. Ned2 Qf6 11. Ne4 Qf5 12. Qa4+ c6 13. Nxd4 exd4
14. Re1 Kd7 15. Ng3 Qxd3 16. Ne4 b5 17. cxb5 Qxb5 18. Qxd4+ Qd5 19. Nf6+
gxf6 20. Qxg4+ f5 21. Qa4 Kc7 22. Bf4+ Bd6 23. Red1 Qe6 24. Bxd6+ Kb6 25.
Qb4+ Ka6 26. Rd3 Qe4 27. Ra3# { Black checkmated } 1-0

[Event "ICC tourney 2246 (120 10)"]
[Site "Internet Chess Club"]
[Date "2020.12.28"]
[Round "5"]
[White "ltristam"]
[Black "Chai2006"]
[Result "1-0"]
[ICCResult "Black checkmated"]
[WhiteElo "1297"]
[BlackElo "1159"]
[Opening "French: exchange variation"]
[ECO "C01"]
[NIC "FR.01"]
[Time "12:01:49"]
[PlyCount "111"]
[TimeControl "7200+10"]

1. e4 e6 2. d4 d5 3. exd5 exd5 4. c4 Nf6 5. Nf3 Bg4 6. h3 Bxf3 7. Qxf3 Nc6
8. Be3 Bb4+ 9. Nc3 Ne4 10. Rc1 O-O 11. Bd3 Re8 12. O-O Bxc3 13. bxc3 Na5
14. cxd5 Qxd5 15. c4 Qe6 16. d5 Qe5 17. Rfe1 Nd6 18. Bd2 Qb2 19. Bxa5 b6
20. Bc3 Rxe1+ 21. Rxe1 Qxa2 22. Qh5 h6 23. Re7 Qa3 24. Re3 a5 25. Qe5 Ne8
26. Qxe8+ Rxe8 27. Rxe8+ Qf8 28. Rxf8+ Kxf8 29. Kf1 Ke7 30. Ke2 Kd6 31.
Bxg7 a4 32. Bb2 Kc5 33. Ba3+ Kd4 34. Kd2 f5 35. f3 b5 36. cxb5 Kxd5 37.
Bxf5 Kc4 38. Kc2 Kxb5 39. Kc3 c5 40. Bd7+ Ka5 41. Bxc5 h5 42. Kc4 h4 43.
Bxa4 Kxa4 44. Be7 Ka5 45. f4 Kb6 46. f5 Kc7 47. Bxh4 Kd7 48. Kd5 Ke8 49.
Ke6 Kf8 50. f6 Ke8 51. f7+ Kf8 52. Be7+ Kg7 53. f8=Q+ Kh7 54. g4 Kg6 55.
Qf7+ Kh6 56. g5# { Black checkmated } 1-0

[Event "ICC tourney 2246 (120 10)"]
[Site "Internet Chess Club"]
[Date "2020.12.28"]
[Round "5"]
[White "LittlePawn135"]
[Black "king235"]
[Result "0-1"]
[ICCResult "White resigns"]
[WhiteElo "742"]
[BlackElo "969"]
[Opening "Four knights game"]
[ECO "C47"]
[NIC "KP.06"]
[Time "12:01:34"]
[PlyCount "124"]
[TimeControl "7200+10"]

1. e4 e5 2. Nf3 Nc6 3. Nc3 Nf6 4. d3 Bc5 5. Bg5 h6 6. Bxf6 Qxf6 7. Nd5 Qd6
8. Nd2 Nb4 9. Nc4 Bxf2+ 10. Ke2 Qc5 11. a3 Nxd5 12. exd5 d6 13. h3 b5 14.
b4 Qd4 15. c3 Qxc3 16. Kxf2 bxc4 17. dxc4 Qd4+ 18. Qxd4 exd4 19. Rd1 c5 20.
b5 a6 21. a4 axb5 22. axb5 Ra2+ 23. Be2 Kd7 24. Ra1 Rc2 25. Rhc1 Rd2 26.
Ke1 Rb2 27. Kd1 Re8 28. Bf3 Kc7 29. Ra7+ Kb6 30. Rxf7 Re3 31. Rxg7 Bxh3 32.
gxh3 Rxf3 33. Rg1 d3 34. Rh1 Re3 35. h4 Rbe2 36. Ra1 d2 37. Ra6+ Kb7 38.
Kc2 Re1 39. Kxd2 R3e2+ 40. Kd3 Rxh1 41. Kxe2 Rxh4 42. Rxd6 h5 43. Kd3 Rh1
44. Rc6 h4 45. d6 h3 46. Rc7+ Kb8 47. Rxc5 h2 48. d7 Rd1+ 49. Kc2 Rc1+ 50.
Kxc1 h1=Q+ 51. Kb2 Qh8+ 52. Kb3 Qh3+ 53. Kb4 Qxd7 54. Rd5 Qe7+ 55. Rc5 Kb7
56. Kb3 Qxc5 57. Kc3 Kb6 58. Kb3 Ka5 59. Kc3 Qe3+ 60. Kc2 Kb4 61. b6 Kxc4
62. b7 Qe4+ { White resigns } 0-1

[Event "ICC tourney 2246 (120 10)"]
[Site "Internet Chess Club"]
[Date "2020.12.28"]
[Round "5"]
[White "lucasnc"]
[Black "thomasguchess"]
[Result "1-0"]
[ICCResult "Black checkmated"]
[WhiteElo "877"]
[BlackElo "631"]
[Opening "Queen's pawn game"]
[ECO "A45"]
[NIC "QP.07"]
[Time "12:01:42"]
[PlyCount "113"]
[TimeControl "7200+10"]

1. d4 Nf6 2. Nc3 g6 3. e4 Bg7 4. Bf4 d5 5. f3 c6 6. e5 Nfd7 7. Nge2 O-O 8.
Ng3 f6 9. e6 Nb6 10. Qe2 Nc4 11. O-O-O Qb6 12. b3 Na3 13. Na4 Qb4 14. c3
Qb5 15. Qf2 Nc4 16. Nb2 Qb6 17. bxc4 dxc4 18. Nxc4 Qd8 19. h4 Bxe6 20. h5
gxh5 21. Nxh5 b5 22. Qg3 Rf7 23. Bh6 Qf8 24. Nxg7 Rxg7 25. Bxg7 Qxg7 26.
Qxg7+ Kxg7 27. Na5 Bxa2 28. Nb7 a5 29. Nc5 a4 30. Rd2 Bd5 31. Rc2 a3 32.
Kb1 Na6 33. Nxa6 Rxa6 34. c4 bxc4 35. Bxc4 Bxc4 36. Rxc4 a2+ 37. Ka1 e5 38.
dxe5 fxe5 39. Rh5 Kf6 40. Rxh7 Ke6 41. Rh6+ Kd5 42. Re4 Kc5 43. Rxe5+ Kb4
44. Re3 c5 45. Rxa6 c4 46. Kxa2 c3 47. Rxc3 Kxc3 48. g4 Kd4 49. g5 Ke5 50.
g6 Kf5 51. g7 Kf4 52. g8=Q Kxf3 53. Ra4 Kf2 54. Qb3 Kg2 55. Rf4 Kh2 56.
Rf2+ Kh1 57. Qd1# { Black checkmated } 1-0

[Event "ICC tourney 2246 (120 10)"]
[Site "Internet Chess Club"]
[Date "2020.12.28"]
[Round "5"]
[White "ChaosOrigin"]
[Black "charlesshen"]
[Result "0-1"]
[ICCResult "White resigns"]
[WhiteElo "1237"]
[BlackElo "1125"]
[Opening "Giuoco Piano"]
[ECO "C50"]
[NIC "IG.02"]
[Time "12:01:39"]
[PlyCount "126"]
[TimeControl "7200+10"]

1. e4 e5 2. Bc4 Nc6 3. Nf3 Bc5 4. O-O Nf6 5. d4 Bxd4 6. Nxd4 Nxd4 7. f4 d6
8. Nc3 h6 9. Be3 Nc6 10. Bb5 a6 11. Ba4 b5 12. Bb3 O-O 13. Qd2 Kh7 14. fxe5
Nxe5 15. a3 Bb7 16. Bd5 Bxd5 17. exd5 Nc4 18. Qd3+ Kg8 19. Bc1 Ne5 20. Qg3
Kh7 21. Bf4 Nh5 22. Qe1 Nxf4 23. Rxf4 Qg5 24. Qe4+ f5 25. Qd4 Rae8 26. b3
Ng6 27. Rf3 f4 28. Ne4 Qe5 29. Qxe5 Nxe5 30. Rc3 Re7 31. Nf2 f3 32. Re1
fxg2 33. Kxg2 Ref7 34. Re2 Nd7 35. Rxc7 Nb6 36. Rxf7 Rxf7 37. Rd2 Rf5 38.
Ne4 Rxd5 39. Rxd5 Nxd5 40. Nxd6 Ne3+ 41. Kf3 Nxc2 42. a4 Nd4+ 43. Ke3 Nxb3
44. axb5 axb5 45. Nxb5 Nc5 46. Nd6 Ne6 47. Ke4 Ng5+ 48. Kf4 Kg6 49. Nc4 Kf6
50. h4 Ne6+ 51. Kg4 Nd4 52. Nd6 Ke6 53. Ne4 Nf5 54. h5 Ne3+ 55. Kf4 Nd5+
56. Kg4 Nf6+ 57. Nxf6 gxf6 58. Kf4 f5 59. Ke3 Ke5 60. Kf3 f4 61. Ke2 Kf5
62. Kf3 Kg5 63. Ke4 Kg4 { White resigns } 0-1

[Event "ICC tourney 2246 (120 10)"]
[Site "Internet Chess Club"]
[Date "2020.12.28"]
[Round "5"]
[White "bryantan2010"]
[Black "oxdidi"]
[Result "1/2-1/2"]
[ICCResult "Game drawn by mutual agreement"]
[WhiteElo "1157"]
[BlackElo "945"]
[Opening "Giuoco Pianissimo"]
[ECO "C50"]
[NIC "IG.02"]
[Time "12:01:46"]
[PlyCount "142"]
[TimeControl "7200+10"]

1. e4 e5 2. Nf3 Nc6 3. Bc4 Bc5 4. d3 Nf6 5. Bg5 h6 6. Bh4 O-O 7. Nc3 d6 8.
Nd5 g5 9. Nxg5 hxg5 10. Bxg5 Bxf2+ 11. Kf1 Nxd5 12. Bxd8 Ne3+ 13. Kxf2
Nxd1+ 14. Raxd1 Rxd8 15. c3 Bg4 16. Rdf1 a6 17. Ke3 Ne7 18. Rxf7 d5 19.
Rxe7 dxc4 20. Rxe5 cxd3 21. Rg5+ Kf8 22. Rxg4 d2 23. Rd1 Rd7 24. Rxd2 Rxd2
25. Kxd2 Rd8+ 26. Ke3 Rd1 27. Rf4+ Ke7 28. Rf2 Rh1 29. g3 Ra1 30. b3 Rc1
31. Kd3 Rd1+ 32. Rd2 Re1 33. Kd4 b6 34. Ke5 Re3 35. c4 b5 36. Kd4 Re1 37.
cxb5 axb5 38. Rc2 Kd6 39. h4 Rg1 40. Rc3 Rg2 41. a3 Ra2 42. e5+ Kd7 43. Rc5
c6 44. Rc3 Rxa3 45. b4 Ra4 46. Rb3 Ke6 47. g4 Ra1 48. Rg3 Rb1 49. Kc5 Kxe5
50. Kxc6 Rxb4 51. h5 Kf6 52. g5+ Kg7 53. g6 Rh4 54. Kd6 Rxh5 55. Ke6 b4 56.
Rb3 Rb5 57. Kd6 Kxg6 58. Kc6 Rb8 59. Kc5 Kf5 60. Rxb4 Rc8+ 61. Kd4 Rd8+ 62.
Kc3 Rc8+ 63. Rc4 Re8 64. Rd4 Rc8+ 65. Rc4 Rh8 66. Rc5+ Kf4 67. Rc4+ Ke3 68.
Rc5 Rh1 69. Re5+ Kf4 70. Rb5 Rh3+ 71. Kb4 Rh1 { Game drawn by mutual
agreement } 1/2-1/2

[Event "ICC tourney 2246 (120 10)"]
[Site "Internet Chess Club"]
[Date "2020.12.28"]
[Round "5"]
[White "joshebow"]
[Black "srinandasai12"]
[Result "0-1"]
[ICCResult "White checkmated"]
[WhiteElo "673"]
[BlackElo "1228"]
[Opening "English: symmetrical variation"]
[ECO "A34"]
[NIC "EO.64"]
[Time "12:01:40"]
[PlyCount "102"]
[TimeControl "7200+10"]

1. c4 c5 2. Nc3 d6 3. d3 Nf6 4. e4 g6 5. g3 Bg7 6. Bg2 O-O 7. Nge2 Nc6 8.
Be3 a6 9. O-O Qc7 10. Qd2 Bd7 11. h3 Na7 12. Nd5 Nxd5 13. exd5 b5 14. d4
cxd4 15. Bxd4 Bxd4 16. Qxd4 bxc4 17. Rac1 Qa5 18. Qxc4 Bb5 19. Qc2 Rac8 20.
Qe4 Rxc1 21. Rxc1 Qd2 22. Rc2 Qd1+ 23. Kh2 Bd3 24. Rc1 Qxe2 25. Qxe2 Bxe2
26. a4 Rc8 27. Re1 Rc2 28. Bf1 Bxf1 29. Rxf1 Rxb2 30. Rc1 Rb7 31. Kg2 Kg7
32. Kf3 Kf6 33. Kf4 Rb4+ 34. Ke3 Rxa4 35. f4 Ra3+ 36. Kf2 Rd3 37. Kg2 Rxd5
38. g4 Rc5 39. Ra1 a5 40. Kg3 Nc6 41. Ra4 Rb5 42. Re4 Rb4 43. Re3 a4 44.
Kh4 Rb3 45. Re2 a3 46. g5+ Kf5 47. Re3 a2 48. Re5+ dxe5 49. fxe5 Kxe5 50.
Kg4 a1=Q 51. Kh4 Qa4# { White checkmated } 0-1

[Event "ICC tourney 2246 (120 10)"]
[Site "Internet Chess Club"]
[Date "2020.12.28"]
[Round "5"]
[White "johnzabraham"]
[Black "jhong2"]
[Result "0-1"]
[ICCResult "White checkmated"]
[WhiteElo "1120"]
[BlackElo "1256"]
[Opening "Benoni defense"]
[ECO "A61"]
[NIC "BI.38"]
[Time "12:01:58"]
[PlyCount "148"]
[TimeControl "7200+10"]

1. d4 Nf6 2. c4 c5 3. d5 e6 4. Nc3 g6 5. Bg5 Bg7 6. e4 d6 7. f4 Qc7 8. Nf3
O-O 9. Be2 b6 10. O-O Nbd7 11. Rc1 Ba6 12. Re1 Rfe8 13. Qc2 exd5 14. cxd5
c4 15. Bh4 Nc5 16. e5 dxe5 17. fxe5 Ng4 18. d6 Qd7 19. Be7 Nxe5 20. Nxe5
Bxe5 21. Bxc4 Bxd6 22. Bxa6 Rxe7 23. Rxe7 Qxe7 24. Bc4 Re8 25. Qf2 Kg7 26.
Rf1 Rf8 27. Nd5 Qe4 28. Qf6+ Kg8 29. Qc3 Be5 30. Nf6+ Bxf6 31. Rxf6 Qe7 32.
Rf1 Nb7 33. Kh1 Nd6 34. Qa3 Qe4 35. Bd3 Qd4 36. Bc2 Re8 37. h3 Re2 38. Qb3
Qd2 39. Bd1 Rxg2 40. Bf3 Rh2+ 41. Kg1 Rxh3 42. Rf2 Qe1+ 43. Rf1 Rg3+ 44.
Bg2 Qxf1+ 45. Kxf1 Rxb3 46. axb3 h5 47. Bd5 Kg7 48. Kg2 Kf6 49. Kg3 Ke5 50.
Bf3 Kf6 51. Bd5 Nf5+ 52. Kf4 Ne7 53. Bc4 g5+ 54. Kg3 Kg6 55. Bd3+ f5 56.
Bc2 a5 57. Bd3 Kf6 58. Bc2 Ke5 59. Kf3 h4 60. Kg2 Kf4 61. Bd3 g4 62. Bc4
Ke3 63. Be6 Kd2 64. b4 axb4 65. b3 Ke3 66. Bc4 f4 67. Be6 f3+ 68. Kg1 g3
69. Bh3 Kd3 70. Be6 Ng6 71. Bc4+ Ke3 72. Be6 Nf4 73. Bf5 f2+ 74. Kf1 g2# {
White checkmated } 0-1

[Event "ICC tourney 2246 (120 10)"]
[Site "Internet Chess Club"]
[Date "2020.12.28"]
[Round "5"]
[White "Bouchard140"]
[Black "GagikG2009"]
[Result "1-0"]
[ICCResult "Black resigns"]
[WhiteElo "1250"]
[BlackElo "1130"]
[Opening "Queen's gambit declined"]
[ECO "D30"]
[NIC "QP.08"]
[Time "12:01:59"]
[PlyCount "69"]
[TimeControl "7200+10"]

1. d4 d5 2. c4 e6 3. e3 Nf6 4. Nc3 Nc6 5. Nf3 Bb4 6. Bd2 O-O 7. Bd3 dxc4 8.
Bxc4 Bxc3 9. Bxc3 Re8 10. O-O a6 11. Qc2 h6 12. Rac1 b6 13. Rfd1 Bb7 14.
Ne5 Rc8 15. Nxc6 Bxc6 16. Bxa6 Ra8 17. Bc4 Qd7 18. a3 Rec8 19. Bb4 Nd5 20.
Bxd5 Bxd5 21. f3 Bb7 22. e4 c6 23. Qf2 Qd8 24. Qg3 Rc7 25. Bc3 g6 26. Qf4
g5 27. Qe5 Qe7 28. d5 f6 29. Qxe6+ Qxe6 30. dxe6 Re7 31. Bxf6 Rxe6 32. Bc3
g4 33. Rd7 Ba6 34. Rcd1 Rg6 35. R1d6 { Black resigns } 1-0

[Event "ICC tourney 2246 (120 10)"]
[Site "Internet Chess Club"]
[Date "2020.12.28"]
[Round "5"]
[White "nguyencaptures"]
[Black "boxingguy2469x"]
[Result "0-1"]
[ICCResult "White checkmated"]
[WhiteElo "1124"]
[BlackElo "1048"]
[Opening "Giuoco Piano: Möller (Therkatz) attack"]
[ECO "C54"]
[NIC "IG.02"]
[Time "12:01:37"]
[PlyCount "114"]
[TimeControl "7200+10"]

1. e4 e5 2. Nf3 Nc6 3. Bc4 Bc5 4. c3 Nf6 5. d4 exd4 6. cxd4 Bb4+ 7. Nc3
Nxe4 8. O-O Bxc3 9. d5 Ne5 10. Nxe5 Bxe5 11. Re1 f5 12. d6 Bxd6 13. Qd5 Qf6
14. f3 c6 15. Qd3 Bc5+ 16. Be3 Bxe3+ 17. Qxe3 d5 18. Bd3 O-O 19. fxe4 dxe4
20. Bc2 Qxb2 21. Bb3+ Kh8 22. Rf1 Qe5 23. Rad1 Be6 24. Bxe6 Qxe6 25. Qa3
Qf7 26. Rf2 b6 27. Rfd2 Qf6 28. Rd6 Qe7 29. Qg3 Rad8 30. Kf1 f4 31. Qa3
Rxd6 32. Qxd6 Qxd6 33. Rxd6 c5 34. Rd7 a6 35. Rb7 b5 36. Ra7 f3 37. Rxa6
fxg2+ 38. Kxg2 e3 39. Re6 Ra8 40. Kg3 b4 41. Rxe3 Ra3 42. Rxa3 bxa3 43. Kf3
g5 44. Ke4 h5 45. Kd5 g4 46. Kxc5 h4 47. Kd4 g3 48. hxg3 h3 49. Ke3 h2 50.
Kf3 h1=Q+ 51. Kf4 Qf1+ 52. Kg4 Qe2+ 53. Kf4 Qxa2 54. Kg4 Qe2+ 55. Kh3 a2
56. Kh4 a1=Q 57. Kh3 Qh1# { White checkmated } 0-1